 Dungeon Crawl Stone Soup version 0.21-a0-632-g1e37ce5 (webtiles) character file.

624 hyperaryth the Archer (level 7, -7/55 HPs)
             Began as a Grey Draconian Hunter on Dec 27, 2017.
             Killed by triggering a spear trap (16 damage)
             ... in an ossuary.
             The game lasted 00:28:56 (6446 turns).

hyperaryth the Archer (Grey Draconian Hunter)       Turns: 6446, Time: 00:28:57

Health: -7/55      AC: 11    Str: 14    XL:     7   Next: 22%
Magic:  7/7        EV: 12    Int: 12    God:
Gold:   12         SH:  0    Dex: 13    Spells: 6/6 levels left

rFire    . . .     SeeInvis .   b - +0 short sword
rCold    . . .     Gourm    .   (no shield)
rNeg     . . .     Faith    .   (armour unavailable)
rPois    .         Spirit   .   (helmet restricted)
rElec    .         Reflect  .   (no cloak)
rCorr    .         Harm     .   (no gloves)
MR       .....                  (no boots)
Stlth    ++........             (no amulet)
HPRegen  0.18/turn              (no ring)
MPRegen  0.10/turn              (no ring)

@: lethally poisoned (-7 -> -9)
A: walk through water, unfitting armour, unbreathing, cold-blooded, AC +11
a: no special abilities


You were in an ossuary.
You were not hungry.

You visited 1 branch of the dungeon, and saw 5 of its levels.
You also visited: Ossuary.

You collected 168 gold pieces.
You spent 156 gold pieces at shops.

Inventory:

Hand Weapons
 a - a +1 shortbow
 b - a +0 short sword (weapon)
 e - a +0 hunting sling
 s - a +0 whip
Missiles
 c - 3 arrows
 i - 129 stones (quivered)
Armour
 v - a +2 pair of gloves
Jewellery
 f - an uncursed ring of ice
 l - an uncursed ring of positive energy {unknown}
 m - an uncursed ring of protection from fire {unknown}
 o - an uncursed ring of resist corrosion {unknown}
 p - a cursed amulet of inaccuracy
 r - an uncursed ring of wizardry {unknown}
Wands
 t - a wand of acid (7)
Scrolls
 g - 2 scrolls of fear
 j - a scroll of acquirement {unknown}
 u - a scroll of magic mapping {unknown}
 x - a scroll of amnesia {unknown}
Potions
 h - a potion of brilliance
 k - a potion of might
 n - 2 potions of flight
 q - a potion of heal wounds
 z - a potion of resistance
 A - a potion of curing
Books
 w - a book of the Sky

   Spells                             Type                      Level
   a - Summon Lightning Spire         Summoning/Air                4
   b - Silence                        Hexes/Air                    5
   c - Deflect Missiles               Charms/Air                   6
   d - Conjure Ball Lightning         Conjuration/Air              6
   e - Tornado                        Air                          9
Comestibles
 d - 9 rations


   Skills:
 - Level 2.1 Fighting
 + Level 8.1 Bows
 - Level 1.7 Dodging
 - Level 0.8 Stealth


You had 6 spell levels left.
You didn't know any spells.

Dungeon Overview and Level Annotations

Branches:
Dungeon (5/15)
 Temple: D:4-7

Altars:

Shops:
D:4 ?[*:!

Annotations:
D:4 Menkaure


Innate Abilities, Weirdness & Mutations

You can walk through water.
Your dull iron-grey scales are very hard. (AC +11)
You cannot fit into any form of body armour.
You can survive without breathing.
You are cold-blooded and may be slowed by cold attacks.


Message History

You feel sick.
i - 129 stones (gained 1)
You feel sick.
There is an open door here.
You see here a scorpion corpse.
You feel sick.
A scorpion and a zombie come into view.
You feel sick.
There is an open door here.
You see here a scorpion corpse.
You feel sick.
There is an open door here.
You feel sick.
Okay, then.
As you read the scroll of fear, it crumbles to dust.
You assume a fearsome visage.
The scorpion looks frightened!
You feel sick.
There is an open door here.
A spear shoots out and hits you!
You die...

#.......#...#.....8.....#
##8..s8###'##...........#
#.......#...#...........#
#...8...#...###8.....8###
#...#...#...#...........#
##+#######'##...........#
#.!M#.^^#.....8.....#
+...#^.^'.....#.....#
#=.?#..@#.....#.....#
#####################


You could see a mummy.

Vanquished Creatures
  4 scorpions (Ossuary)
  A centaur skeleton (D:4)
  A hound (D:4)
  A human zombie (Ossuary)
  An orc priest (D:3)
  Terence (D:3)
  A worker ant (D:4)
  2 big kobold zombies (Ossuary)
  A mummy (Ossuary)
  A hound skeleton (D:4)
  3 adders
  A scorpion zombie (Ossuary)
  An ooze (D:3)
  6 worms
  4 dart slugs (D:1)
  2 leopard geckos
  15 orcs
  5 bats
  8 giant cockroaches
  9 goblins
  13 hobgoblins
  8 jackals
  2 quokkas
  A ball python (D:1)
  A frilled lizard (D:1)
  A gnoll zombie (Ossuary)
  6 goblin zombies (Ossuary)
  A hobgoblin zombie (Ossuary)
  10 kobolds
  2 kobold zombies (Ossuary)
  An orc zombie (Ossuary)
  16 rats
130 creatures vanquished.

Vanquished Creatures (others)
  A mummy (Ossuary)
1 creature vanquished.

Grand Total: 131 creatures vanquished

Notes
Turn   | Place    | Note
-------+----------+-------------------------------------------
     0 | D:1      | hyperaryth the Draconian Hunter began the quest for the Orb.
     0 | D:1      | Reached XP level 1. HP: 17/17 MP: 1/1
    91 | D:1      | Reached skill level 4 in Bows
    91 | D:1      | Reached XP level 2. HP: 20/24 MP: 2/2
   507 | D:1      | Reached XP level 3. HP: 27/29 MP: 3/3
  1629 | D:2      | Reached skill level 5 in Bows
  2039 | D:2      | Reached XP level 4. HP: 36/36 MP: 4/4
  3448 | D:3      | HP: 1/36 [orc priest/nerve-wracking pain (14)]
  3456 | D:3      | Reached skill level 6 in Bows
  3456 | D:3      | Reached XP level 5. HP: 9/41 MP: 5/5
  4377 | D:3      | Noticed Terence
  4400 | D:3      | Killed Terence
  4744 | D:4      | Found Wusanoim's Elemental Accessories.
  4744 | D:4      | Found Toubb's Magic Scroll Shop.
  4814 | D:4      | Found Sihasiwk's Distillery.
  4817 | D:4      | Bought a potion of mutation for 96 gold pieces
  4908 | D:4      | Bought a scroll of identify for 20 gold pieces
  4908 | D:4      | Bought a scroll of identify for 20 gold pieces
  4908 | D:4      | Bought a scroll of identify for 20 gold pieces
  4917 | D:4      | Found Peadajog's Antique Armour Emporium.
  4955 | D:4      | Reached XP level 6. HP: 41/48 MP: 6/6
  5326 | D:4      | Found Ejyowy's Book Emporium.
  5344 | D:4      | Reached skill level 7 in Bows
  5354 | D:4      | Noticed Menkaure
  5603 | D:5      | Entered Level 5 of the Dungeon
  5603 | D:5      | Found a sand-covered staircase.
  5608 | Ossuary  | Entered an ossuary
  6093 | Ossuary  | Your scales start taking on a dull iron-grey colour.
  6093 | Ossuary  | Reached XP level 7. HP: 43/55 MP: 7/7
  6093 | Ossuary  | Gained mutation: You can survive without breathing. [Grey Draconian growth]
  6425 | Ossuary  | Reached skill level 8 in Bows
  6446 | Ossuary  | Killed by triggering a spear trap

Vault maps used:
D:1:      mrwooster_arrival_arrow, minmay_misc_feat_ornament
D:2:      first_ration
D:3:      kennysheep_doodads, st_stairs_3, uniq_terence
D:4:      gammafunk_temple_overflow_pools, serial_shops, shop,
          nicolae_shop_trees, shop, kennysheep_mini_moat, minmay_misc_feat_x,
          serial_bayou_pond_a, nicolae_elemental_shop, uniq_menkaure
D:5:      nicolae_overflow_hidden_temple, tso_oasis_becter, enter_ossuary_1,
          hangedman_decor_opposing, nicolae_dithmenos_shadow_blocks,
          uniq_eustachio
Ossuary:  ossuary_minmay_scorpions

Skill      XL: |  1  2  3  4  5  6  7 |
---------------+----------------------+-----
Bows           | 4 5 6 7 8 |  8.1
Fighting       | |  2.1
Dodging        | |  1.7
Stealth        | |  0.8

Action                   |  1- 3 |  4- 6 |  7- 9 || total
-------------------------+-------+-------+-------++-------
Melee: Short sword       |    63 |   261 |    34 ||   358
       Shortbow          |     8 |       |       ||     8
       Tailslap          |     6 |    41 |     6 ||    53
 Fire: Shortbow          |    78 |   171 |    16 ||   265
Throw: Stone             |       |    34 |     7 ||    41
  Use: Scroll            |     4 |    11 |     2 ||    17
       Potion            |       |     4 |       ||     4
 Stab: Sleeping          |     1 |       |     1 ||     2
  Eat: Ration            |     1 |     2 |       ||     3
       Chunk             |       |     8 |       ||     8
Armor: Skin              |    21 |    95 |    19 ||   135
Dodge: Dodged            |    66 |   196 |    30 ||   292

Table legend:
 A = Spawn XP
 B = Non-spawn XP
 C = Spawn XP percentage of total XP
 D = Spawn monster count
 E = Non-spawn monster count
 F = Spawn count percentage of total count
 G = Total turns spent on level
                    A         B        C        D         E        F      G
               +---------+---------+-------+---------+---------+-------+---------
         Total |       0 |     892 |   0.0 |       0 |     130 |   0.0 |  6446
               +---------+---------+-------+---------+---------+-------+---------
           D:1 |       0 |      65 |   0.0 |       0 |      33 |   0.0 |  1453
           D:2 |       0 |      74 |   0.0 |       0 |      32 |   0.0 |  1654
           D:3 |       0 |     199 |   0.0 |       0 |      41 |   0.0 |  1990
           D:4 |       0 |     138 |   0.0 |       0 |       4 |   0.0 |   506
       Ossuary |       0 |     416 |   0.0 |       0 |      20 |   0.0 |   838
               +---------+---------+-------+---------+---------+-------+---------
